 Dungeon Crawl Stone Soup version 0.29.1-4-g47bece8355 (webtiles) character file.

Game seed: 16266353499118422712

10931 DemonSlayer the Thaumaturge (level 11, -5/75 HPs)
             Began as a Demonspawn Fire Elementalist on Dec 8, 2022.
             Was a High Priest of Cheibriados.
             Slain by a tyrant leech (14 damage)
             ... on level 1 of the Lair of Beasts.
             The game lasted 00:31:25 (15679 turns).

DemonSlayer the Thaumaturge (DsFE)                 Turns: 15679, Time: 00:31:28

Health: -5/75      AC: 25    Str: 29    XL:     11   Next: 42%
Magic:  27/32      EV: 11    Int: 36    God:    Cheibriados [*****.]
Gold:   746        SH:  0    Dex: 25    Spells: 3/27 levels left

rFire   . . .      SeeInvis +   F - +11 plutonium sword {Contam Stlth-}
rCold   . . .      Faith    .   (shield currently unavailable)
rNeg    . . .      Spirit   .   A - +7 chain mail of Dramatic Exits {Drain *Slow Str+4 Int+4 SInv}
rPois   .          Reflect  .   g - +0 hat
rElec   .          Harm     .   t - +2 cloak
rCorr   .          Rampage  .   y - +0 pair of gloves
Will    .....                   l - +1 pair of boots
Stlth   ..........              m - amulet of regeneration
HPRegen 1.02/turn               a - ring of magical power
MPRegen 0.23/turn               G - +6 ring of strength

@: very slow
A: hooves 2, demonic guardian 1, foul stench 2, sharp scales 2
a: Renounce Religion, Bend Time, Temporal Distortion, Slouch, Step From Time


You were on level 1 of the Lair of Beasts.
You worshipped Cheibriados.
Cheibriados was extremely pleased with you.
You visited 3 branches of the dungeon, and saw 13 of its levels.

You collected 746 gold pieces.

Inventory:

Hand Weapons
 o - the +7 arbalest "Sofos" {freeze, Int+3}
   (You found it on level 1 of the Lair of Beasts)

   Any ammunition fired from it freezes those it strikes, dealing additional
   cold damage.
   It can also slow down cold-blooded creatures.
   Int:       It affects your intelligence (+3).
 F - the +11 plutonium sword (weapon) {Contam Stlth-}
   (You found it on level 6 of the Dungeon)

   It occasionally inflicts wild transmutation effects on those it strikes,
   inflicting malmutation or extra damage, or polymorphing them into a new form.
   Contam:    It causes magical contamination when unequipped.
   Stlth:     It makes you less stealthy.
Armour
 g - a +0 hat (worn)
 l - a +1 pair of boots (worn)
 t - a +2 cloak (worn)
 y - a +0 pair of gloves (worn)
 A - the +7 chain mail of Dramatic Exits (worn) {Drain *Slow Str+4 Int+4 SInv}
   (You found it on level 6 of the Dungeon)

   Str:       It affects your strength (+4).
   Int:       It affects your intelligence (+4).
   SInv:      It lets you see invisible.
   Drain:     It drains your maximum health when unequipped.
   *Slow:     It may slow you when you take damage.
Jewellery
 a - a ring of magical power (left hand)
 c - a ring of resist corrosion
 m - an amulet of regeneration (around neck)
 v - a ring of ice
 G - a +6 ring of strength (right hand)
 N - a ring of fire
Wands
 i - a wand of flame (48)
 u - a wand of roots (8)
 J - a wand of quicksilver (10)
 K - a wand of paralysis (16)
 P - a wand of polymorph (3)
Scrolls
 h - a scroll of enchant weapon {unknown}
 j - 4 scrolls of teleportation
 q - 3 scrolls of vulnerability
 r - 2 scrolls of enchant armour
 s - 3 scrolls of fear
 w - 2 scrolls of summoning
 z - a scroll of identify
 B - 3 scrolls of magic mapping
 C - a scroll of immolation {unknown}
 D - 2 scrolls of amnesia
 H - 2 scrolls of silence {unknown}
 L - 2 scrolls of poison {unknown}
Potions
 b - 2 potions of magic
 d - a potion of mutation
 e - a potion of brilliance {unknown}
 f - 3 potions of cancellation
 k - a potion of ambrosia {unknown}
 n - 3 potions of flight {unknown}
 p - a potion of degeneration {unknown}
 x - a potion of invisibility
 E - 3 potions of attraction {unknown}
 I - a potion of resistance
 M - 2 potions of lignification {unknown}
 Q - 2 potions of heal wounds


   Skills:
 + Level 3.2 Fighting
 + Level 1.4(5.1) Short Blades
 + Level 7.9 Long Blades
 + Level 0.8 Polearms
 + Level 5.9 Armour
 + Level 3.8 Dodging
 + Level 2.7 Stealth
 + Level 2.9 Shields
 + Level 8.7 Spellcasting
 + Level 2.0 Conjurations
 + Level 8.5 Fire Magic


You had 3 spell levels left.
You knew the following spells:

 Your Spells              Type           Power      Damage    Failure   Level
a - Foxfire               Conj/Fire      100%       2x1d9     1%          1
b - Scorch                Fire           100%       2d10      1%          2
c - Conjure Flame         Conj/Fire      52%        6-21      4%          3
d - Ignite Poison         Fire/Tmut/Pois 36%        N/A       12%         3
e - Mephitic Cloud        Conj/Pois/Air  20%        N/A       28%         3
f - Flame Wave            Conj/Fire      52%        2d13      14%         4
g - Inner Flame           Hex/Fire       46%        N/A       7%          3
h - Freezing Cloud        Conj/Ice/Air   10%        6-21      95%         5

Your spell library contained the following spells:

 Spells                   Type           Power      Damage    Failure   Level
 Necrotise                Necr           60%        1d7       13%         1
 Vampiric Draining        Necr           15%        2d7       36%         3
 Agony                    Necr           15%        N/A       98%         5


Dungeon Overview and Level Annotations

Branches:
Dungeon (10/15)            Temple (1/1) D:4            Lair (2/5) D:10
  Swamp: Lair:2-3    Shoals: Lair:2-3     Snake: Lair:2-3    Spider: Lair:2-3
    Orc: D:9-12

Altars:
Ashenzari
Cheibriados
Dithmenos
Fedhas
Gozag
Hepliaklqana
Kikubaaqudgha
Makhleb
Nemelex Xobeh
Okawaru
Qazlal
Ru
Sif Muna
Trog
Uskayaw
Vehumet
Wu Jian
Xom
Yredelemnul

Shops:
D:10 [


Innate Abilities, Weirdness & Mutations

You have hoof-like feet.
A weak demonic guardian rushes to your aid.
You sometimes emit foul miasma when damaged in melee.
You are mostly covered in razor-sharp scales. (AC +2, Slay +2)


Message History

The tyrant leech bites you but does no damage.
There is a stone staircase leading up here.
The swamp worm bites you!
You emit a cloud of foul miasma!
You climb upwards.
There is a stone staircase leading down here.
You slice the swamp worm!!
You kill the swamp worm!
Cheibriados thoroughly appreciates the change of pace.
The tyrant leech bites you but does no damage.
The swamp worm barely misses you.
You closely miss the swamp worm.
The swamp worm bites you but does no damage.
The tyrant leech bites you!
The tyrant leech draws strength from your injuries!
The swamp worm barely misses you.
The tyrant leech bites you but does no damage.
You barely miss the swamp worm. The swamp worm bites you!
* * * LOW HITPOINT WARNING * * *
The tyrant leech bites you but does no damage.
You are too injured to fight recklessly!
You are too injured to fight recklessly!
Unknown command.
You slash the tyrant leech!
The tyrant leech is lightly wounded.
The swamp worm bites you but does no damage.
The swamp worm bites you.
* * * LOW HITPOINT WARNING * * *
You emit a cloud of foul miasma!
The tyrant leech bites you but does no damage.
The swamp worm is engulfed in dark miasma.
The swamp worm is poisoned.
The swamp worm seems to slow down.
The tyrant leech barely misses you. The swamp worm barely misses you.
You see here a swamp worm corpse.
The swamp worm fires a harpoon shot at you.
The harpoon shot hits you!
* * * LOW HITPOINT WARNING * * *
A demonic guardian appears!
You are yanked forward by the harpoon shot.
The tyrant leech bites you!
You die...

#..# ##.# #.# #.#
#. ####.## #..##
#.# #.#####.
.>...#####..# #.##
#.......
#.##.......## #..#
#...[...
####.#####..# #.##
##....... # #..#
#.## #.######
#........ ##.# #.#
#○##.#.####.......
#.# ##.#
#ww...............
##.# #P.#
##@##.#####........
###..# ##.# #..####
##.......
^....#####.# ##.#
#.......
##.#..#.##.#
#5##### ###.......
###........#
#...#.###.........
#....#.#.#
##..........^P####.
# #..#####.#
#..#P#######.## #÷
# ##.P# #.## ##.###
#..# ##. ####.##
#..# #.# #.## #..


You could see a tyrant leech, a swamp worm (poisoned, slow, ally target) and a
friendly ufetubus (summoned).

Vanquished Creatures
  Erica (D:8)
  A two-headed ogre (D:10)
  Pikel (D:5)
  2 black mambas (D:10)
  Joseph (D:7)
  3 cane toads (Lair:1)
  2 komodo dragons (Lair:1)
  2 trolls
  3 blink frogs (Lair:1)
  Grinder (D:6)
  Sigmund (D:6)
  2 shadows
  A yak (D:5)
  2 wraiths
  Eustachio (D:6)
  A basilisk (Lair:1)
  An acid dragon (D:9)
  2 two-headed ogre zombies (D:10)
  4 water moccasins
  A swamp worm (Lair:1)
  An ice beast (D:5)
  3 black bears
  An orc warrior (D:7)
  An ogre (D:5)
  2 centaurs (D:10)
  4 wolves (Lair:1)
  2 kobold brigands
  A lemure (D:5)
  2 necrophages (D:6)
  A gnoll sergeant (D:9)
  6 bullfrogs
  3 scorpions
  12 wights
  3 killer bees (D:8)
  4 howler monkeys (D:7)
  3 crimson imps
  2 hounds
  3 orc priests (D:7)
  Crazy Yiuf (D:4)
  Ijyb (D:5)
  6 iguanas
  8 orc wizards
  10 gnolls
  10 adders
  6 white imps
  An ufetubus (D:7)
  A worm (D:3)
  A dart slug (D:1)
  23 orcs
  4 bats
  3 endoplasms
  A giant cockroach (D:2)
  8 goblins
  2 hobgoblins
  5 jackals (D:2)
  2 quokkas
  8 ball pythons
  2 frilled lizards
  13 kobolds
  4 rats
207 creatures vanquished.

Vanquished Creatures (collateral kills)
  A lemure (D:4)
  2 foxfires (D:1)
3 creatures vanquished.

Vanquished Creatures (others)
  254 foxfires
  4 fungi (Lair:1)
  4 plants (Lair:1)
262 creatures vanquished.

Grand Total: 472 creatures vanquished

Notes
Turn   | Place    | Note
-------+----------+-------------------------------------------
     0 | D:1      | DemonSlayer the Demonspawn Fire Elementalist began the
                  | quest for the Orb.
     0 | D:1      | Reached XP level 1. HP: 13/13 MP: 3/3
   333 | D:1      | Found a faded altar of an unknown god.
   937 | D:1      | Gained mutation: You are partially covered in razor-sharp
                  | scales. (AC +1, Slay +1) [demonic ancestry]
   937 | D:1      | Reached XP level 2. HP: 19/19 MP: 0/5
  1360 | D:1      | Learned a level 2 spell: Scorch
  2448 | D:2      | Reached XP level 3. HP: 24/24 MP: 6/6
  3176 | D:2      | Learned a level 3 spell: Conjure Flame
  3413 | D:3      | Found a hide-covered altar of Uskayaw.
  3419 | D:3      | Found a radiant altar of Vehumet.
  3759 | D:3      | Gained mutation: You have large cloven feet. [demonic
                  | ancestry]
  3759 | D:3      | Reached XP level 4. HP: 30/30 MP: 8/8
  3902 | D:3      | Found a shimmering altar of Xom.
  3991 | D:4      | Found a staircase to the Ecumenical Temple.
  4002 | Temple   | Entered the Ecumenical Temple
  4239 | Temple   | Became a worshipper of Cheibriados the Contemplative
  4816 | D:4      | Reached skill level 1 in Armour
  5173 | D:4      | Noticed a scorpion
  5178 | D:4      | Killed a scorpion
  5179 | D:4      | Gained mutation: A weak demonic guardian rushes to your
                  | aid. [demonic ancestry]
  5179 | D:4      | Reached XP level 5. HP: 36/36 MP: 9/10
  5528 | D:4      | Found a runed translucent door.
  5529 | D:4      | Noticed Crazy Yiuf
  5658 | D:4      | Killed Crazy Yiuf
  6205 | D:3      | Reached skill level 1 in Short Blades
  6205 | D:3      | Reached XP level 6. HP: 38/42 MP: 11/11
  6401 | D:3      | Learned a level 3 spell: Ignite Poison
  6405 | D:3      | Learned a level 3 spell: Mephitic Cloud
  6443 | D:5      | Entered Level 5 of the Dungeon
  6502 | D:5      | Noticed a water moccasin
  6523 | D:5      | Killed a water moccasin
  6600 | D:5      | Noticed Ijyb
  6613 | D:5      | Killed Ijyb
  6762 | D:5      | Gained mutation: You have hoof-like feet. [demonic
                  | ancestry]
  6762 | D:5      | Reached XP level 7. HP: 47/47 MP: 10/13
  6953 | D:5      | Noticed Pikel
  6959 | D:6      | Noticed Eustachio
  6959 | D:6      | Noticed Grinder
  6959 | D:6      | Found the +11 plutonium sword {Contam Stlth-}
  7637 | D:5      | Killed Pikel
  7638 | D:5      | Reached skill level 1 in Fighting
  7638 | D:5      | Reached skill level 1 in Shields
  7638 | D:5      | Reached skill level 5 in Spellcasting
  7638 | D:5      | Reached skill level 5 in Fire Magic
  7638 | D:5      | Gained mutation: You may rarely emit foul miasma when
                  | damaged in melee. [demonic ancestry]
  7638 | D:5      | Reached XP level 8. HP: 51/54 MP: 11/15
  7815 | D:5      | Reached * piety under Cheibriados
  9172 | D:6      | Identified the +7 chain mail of Dramatic Exits {Drain *Slow
                  | Str+4 Int+4 SInv}
  9354 | D:6      | Found a shimmering blue altar of Sif Muna.
  9434 | D:6      | Noticed Sigmund
  9445 | D:6      | Killed Sigmund
  9446 | D:6      | Gained mutation: You sometimes emit foul miasma when
                  | damaged in melee. [demonic ancestry]
  9446 | D:6      | Reached XP level 9. HP: 59/59 MP: 15/19
  9926 | D:6      | Reached ** piety under Cheibriados
 10096 | D:6      | Killed Eustachio
 10139 | D:6      | Killed Grinder
 10642 | D:7      | Reached skill level 1 in Long Blades
 10678 | D:7      | Noticed Joseph
 10684 | D:7      | Killed Joseph
 11044 | D:7      | Learned a level 4 spell: Flame Wave
 11048 | D:7      | Learned a level 3 spell: Inner Flame
 11137 | D:7      | You fall into a shaft and drop 1 floor!
 11329 | D:7      | Reached *** piety under Cheibriados
 11705 | D:8      | Gained mutation: You are mostly covered in razor-sharp
                  | scales. (AC +2, Slay +2) [demonic ancestry]
 11705 | D:8      | Reached XP level 10. HP: 63/65 MP: 21/21
 12263 | D:9      | Noticed Erica
 12504 | D:8      | Killed Erica
 12504 | D:8      | Reached **** piety under Cheibriados
 12505 | D:8      | Reached skill level 5 in Long Blades
 13413 | D:9      | Identified the +1 robe of the Loofah {Will- Str+6 Archmagi}
 13623 | D:9      | Learned a level 5 spell: Freezing Cloud
 13645 | D:10     | Entered Level 10 of the Dungeon
 13657 | D:10     | Found a transporter.
 13659 | D:10     | Noticed a black mamba
 13659 | D:10     | Noticed a black mamba
 13762 | D:10     | Found a broken altar of Ashenzari.
 13779 | D:10     | Found a staircase to the Lair.
 13851 | D:10     | Found a transporter.
 14095 | D:10     | Noticed a two-headed ogre
 14104 | D:10     | Killed a two-headed ogre
 14105 | D:10     | Reached skill level 5 in Armour
 14164 | D:10     | Killed a black mamba
 14164 | D:10     | Killed a black mamba
 14165 | D:10     | Reached XP level 11. HP: 53/74 MP: 23/23
 14184 | D:10     | Identified the +3 helmet of the Bulwark {Rampage rElec
                  | Str+5 Dex-2}
 14657 | D:10     | Found Haucryfog's Armour Shoppe.
 14697 | D:10     | Found an opulent altar of Gozag.
 14698 | D:10     | Found a sparkling altar of Nemelex Xobeh.
 14753 | Lair:1   | Entered Level 1 of the Lair of Beasts
 14763 | Lair:1   | Identified the +7 arbalest "Sofos" {freeze, Int+3}
 15194 | Lair:1   | Reached ***** piety under Cheibriados
 15679 | Lair:1   | Slain by a tyrant leech

Illustrated notes

Levels and vault maps discovered:
D:1:      saegor_arrival_simple_a, layout_loops_corners,
          hellmonk_ecumenical_altar_leap_of_faith, minmay_misc_feat_encased,
          serial_bayou_lake_a
D:2:      layout_basic
D:3:      minmay_skewed_foursquare, layout_basic, led_xom_imps,
          mainiacjoe_overflow_large_starburst
D:4:      layout_rooms, minmay_temple_entry_purple_smoke,
          nicolae_concentric_dashed_squares_wild, uniq_crazy_yiuf_cottage
D:5:      minmay_chambers_of_threes, layout_basic, mainiacjoe_overflow_24_doors,
          dreamdust_wishing_well, reono_crystal_passage, uniq_pikel, uniq_ijyb
D:6:      layout_basic, kennysheep_mini_moat, minivault_10, uniq_eustachio,
          uniq_grinder, uniq_sigmund
D:7:      layout_loops_cross, uniq_joseph
D:8:      layout_gridville, hex_medium, hangedman_decor_opposing, nicolae_wwwww
D:9:      layout_cave_pools, uniq_erica
D:10:     gammafunk_cloud_chamber, layout_gridville,
          grunt_temple_overflow_opulence, cheibrodos_ashenzari_chains,
          lair_entry_dummy, serial_shops, nicolae_shop_statue_plus
Temple:   zaba_magenta_temple
Lair:1:   layout_small_grid
Lair:2:   nzn_winding_woodlands_medium [nzn_winding_woodlands_5x5_open_star,
          nzn_winding_woodlands_5x15_longhouse,
          nzn_winding_woodlands_5x5_closed_star,
          nzn_winding_woodlands_5x5_checkerboard,
          nzn_winding_woodlands_center_pierced_h,
          nzn_winding_woodlands_5x5_perimeter,
          nzn_winding_woodlands_5x5_default, nzn_winding_woodlands_5x15_jagged,
          nzn_winding_woodlands_5x5_default], layout_cave_pods,
          minmay_swamp_entry_worms, nicolae_spider_entry_non_spiders,
          beast_lair_carwin_11

Skill      XL: |  1  2  3  4  5  6  7  8  9 10 11 |
---------------+----------------------------------+-----
Fire Magic     | 3 4 5 6 7 8 |  8.5
Spellcasting   | 3 4 5 6 7 8 |  8.7
Armour         | 1 2 3 5 |  5.9
Dodging        | 2 3 |  3.8
Stealth        | 2 |  2.7
Short Blades   | 1 |  1.4
Fighting       | 1 2 3 |  3.2
Shields        | 1 2 |  2.9
Long Blades    | 3 6 7 |  7.9
Conjurations   | 2 |  2.0
Polearms       | |  0.8

Action                   |  1- 3 |  4- 6 |  7- 9 | 10-12 || total
-------------------------+-------+-------+-------+-------++-------
Melee: Unarmed           |     6 |       |       |       ||     6
       Dagger            |     4 |   142 |     1 |       ||   147
       Kick              |       |    43 |     6 |       ||    49
       Punch             |       |     1 |       |       ||     1
       Spear             |       |       |    14 |       ||    14
       Whip              |       |       |     3 |       ||     3
       Triple sword      |       |       |    66 |   122 ||   188
 Cast: Foxfire           |   149 |       |       |     4 ||   153
       Scorch            |     4 |    53 |   115 |    34 ||   206
       Flame Wave        |       |       |       |     2 ||     2
Evoke: Wand              |       |       |       |     1 ||     1
  Use: Potion            |       |    10 |     2 |     6 ||    18
       Scroll            |       |     3 |     2 |     5 ||    10
 Stab: Invisible         |       |     3 |       |       ||     3
       Distracted        |       |       |       |     1 ||     1
Armor: Robe              |     2 |       |       |       ||     2
       Leather armour    |     7 |    22 |    24 |       ||    53
       Chain mail        |       |       |    71 |   159 ||   230
Dodge: Dodged            |    29 |    96 |    81 |   123 ||   329
Block: Other             |     3 |    13 |    28 |    37 ||    81
       Reflection        |       |     1 |     1 |     2 ||     4
       Orb               |       |    19 |     7 |       ||    26
